 Dungeon Crawl Stone Soup version 0.20.1-1-g8b1a95d (webtiles) character file.

64 vatarom the Skirmisher (level 3, -1/33 HPs)
             Began as a Draconian Abyssal Knight on Sept 14, 2017.
             Was a Follower of Lugonu.
             Slain by a gnoll
             ... wielding a +0 whip
              (3 damage)
             ... on level 2 of the Dungeon.
             The game lasted 00:02:50 (1499 turns).

vatarom the Skirmisher (Draconian Abyssal Knight)   Turns: 1499, Time: 00:02:50

Health: -1/33      AC:  5    Str: 14    XL:     3   Next: 91%
Magic:  5/5        EV: 12    Int:  9    God:    Lugonu [*.....]
Gold:   25         SH:  0    Dex: 11    Spells: 2/2 levels left

rFire    . . .     SeeInvis .   a - +2 mace
rCold    . . .     Gourm    .   (no shield)
rNeg     . . .     Faith    .   (armour unavailable)
rPois    .         Spirit   .   (helmet restricted)
rElec    .         Reflect  .   (no cloak)
rCorr    .         Harm     .   (no gloves)
MR       .....                  (no boots)
Stlth    +.........             (no amulet)
Regen    0.2/turn               f - -3 ring of intelligence (curse)
MPRegen  0.1/turn               (no ring)

@: hasted, very quick
A: unfitting armour, cold-blooded, AC +5
a: Depart the Abyss, Renounce Religion


You were on level 2 of the Dungeon.
You worshipped Lugonu.
Lugonu was aware of your devotion.
You were hungry.

You visited 1 branch of the dungeon, and saw 2 of its levels.
You visited the Abyss 1 time.

You collected 25 gold pieces.

Inventory:

Hand Weapons
 a - a +2 mace (weapon)
Jewellery
 f - a cursed -3 ring of intelligence (left hand)
Comestibles
 b - 2 bread rations
 c - a meat ration
 d - 3 chunks of flesh


   Skills:
 + Level 3.8 Fighting
 * Level 3.2 Maces & Flails
 - Level 2.1 Dodging
 + Level 3.0 Invocations


You had 2 spell levels left.
You didn't know any spells.

Dungeon Overview and Level Annotations

Branches:
Dungeon (2/15)

Altars:
Vehumet


Innate Abilities, Weirdness & Mutations

Your plain brown scales are hard. (AC +5)
You cannot fit into any form of body armour.
You are cold-blooded and may be slowed by cold attacks.


Message History

The jackal closely misses you.
You barely miss the jackal. The jackal bites you.
* * * LOW HITPOINT WARNING * * *
You closely miss the jackal. The jackal closely misses you.
You sock the jackal!
You kill the jackal!
Lugonu accepts your kill.
Unknown command.
You barely miss the gnoll. The gnoll hits you but does no damage.
You hit the gnoll. You tail-slap the gnoll.
The gnoll is heavily wounded.
The gnoll barely misses you.
You barely miss the gnoll.
The gnoll is heavily wounded.
The gnoll hits you with a whip.
* * * LOW HITPOINT WARNING * * *
You hit the gnoll.
The gnoll is severely wounded.
The gnoll hits you with a whip.
You die...

#.# #.. #.# .. ######.# ##.#
##......## #..# ##......(.#
###.## ...
#....<....######....#....$
#.....................>.......#.
#.......).....#..####..........
#(............#@#####........#.#
#>.!..........#g##...........#.#
##....<........lw......#.......#
#................#h##........##.
#.............#.##hlh.....###...
#...............##..g...........
.......=#...............
.........#.##.........#.
...........##.####.###..


You could see a worm, a gnoll and a frilled lizard.

Vanquished Creatures
  2 adders
  A worm (D:2)
  3 dart slugs (D:1)
  3 giant cockroaches
  4 hobgoblins (D:1)
  4 jackals (D:2)
  3 ball pythons
  4 bats
  A frilled lizard (D:2)
  5 goblins
  4 kobolds
  4 rats (D:1)
38 creatures vanquished.

Vanquished Creatures (others)
  2 starspawn tentacles (Abyss:1)
2 creatures vanquished.

Grand Total: 40 creatures vanquished

Notes
Turn   | Place    | Note
-------+----------+-------------------------------------------
     0 | Abyss:1  | vatarom the Draconian Abyssal Knight began the quest for the Orb.
     0 | Abyss:1  | Reached XP level 1. HP: 19/19 MP: 2/2
    44 | Abyss:1  | Noticed a tentacled starspawn
    45 | Abyss:1  | Noticed an orange demon
    72 | Abyss:1  | Noticed a demonic crawler
    77 | D:1      | Escaped the Abyss
   603 | D:1      | Reached XP level 2. HP: 16/26 MP: 3/3
   659 | D:1      | Reached * piety under Lugonu
  1238 | D:1      | Reached XP level 3. HP: 24/33 MP: 4/4
  1419 | D:2      | Found a radiant altar of Vehumet.
  1499 | D:2      | Slain by a gnoll

Skill      XL: |  1  2  3 |
---------------+----------+-----
Maces & Flails | 3 |  3.2
Invocations    | 3 |  3.0
Fighting       | |  3.8
Dodging        | |  2.1

Action                   || total
-------------------------++-------
Melee: Mace              ||   102
       Tailslap          ||     6
Invok: Depart the Abyss  ||     1
  Use: Scroll            ||     4
       Potion            ||     1
 Stab: Sleeping          ||     1
  Eat: Chunk             ||     1
Armor: Skin              ||    27
Dodge: Dodged            ||    84
